 Dungeon Crawl Stone Soup version 0.30-a0-585-g93115170b9 (webtiles) character file.

Game seed: 12663767583706803089

2359 cforsyth the Grappler (level 9, -7/82 HPs)
             Began as a Ghoul Monk on Jan 1, 2023.
             Was a Believer of Okawaru.
             Mangled by a wight
             ... wielding a +3 great sword
              (12 damage)
             ... on level 7 of the Dungeon.
             The game lasted 00:10:04 (4872 turns).

cforsyth the Grappler (Ghoul Monk)                  Turns: 4872, Time: 00:10:05

Health: -7/82      AC: 17    Str: 19    XL:     9   Next: 44%
Magic:  8/8        EV:  8    Int:  5    God:    Okawaru [**....]
Gold:   258        SH:  0    Dex: 11    Spells: 8/8 levels left

rFire   . . .      SeeInvis .      - Unarmed
rCold   + . .      Faith    .    (no shield)
rNeg    + + +      Spirit   .    u - +0 chain mail
rPois   ∞          Reflect  .    n - +2 hat
rElec   .          Harm     .    A - +1 cloak
rCorr   .          Rampage  .    g - +2 pair of gloves
Will    +....                    (no boots) Stlth
                                 (no amulet)
HPRegen 0.00/turn                y - ring of willpower
MPRegen 0.11/turn                r - +4 ring of slaying

@: inhibited regen, hasted, very quick
A: claws 1, cold resistance 1, negative energy resistance 3, inhibited
regeneration, torment resistance 2, devour on kill
a: Renounce Religion, Heroism


You were on level 7 of the Dungeon.
You worshipped Okawaru.
Okawaru was pleased with you.
You visited 1 branch of the dungeon, and saw 7 of its levels.

You collected 258 gold pieces.

Inventory:

Armour
 g - a +2 pair of gloves (worn)
 n - a +2 hat (worn)
 u - a +0 chain mail (worn)
 A - a +1 cloak (worn)
Jewellery
 o - a ring of resist corrosion
 r - a +4 ring of slaying (right hand)
 y - a ring of willpower (left hand)
Wands
 p - a wand of quicksilver (4)
 D - a wand of mindburst (12)
Scrolls
 c - 2 scrolls of fog {unknown}
 d - 2 scrolls of identify
 e - a scroll of vulnerability {unknown}
 f - 2 scrolls of teleportation
 h - a scroll of enchant armour {unknown}
 j - a scroll of torment {unknown}
 k - a scroll of fear {unknown}
 l - 2 scrolls of amnesia
 v - a scroll of blinking
 x - 2 scrolls of poison {unknown}
 E - a scroll of enchant weapon {unknown}
Potions
 a - 2 potions of cancellation
 b - a potion of ambrosia
 i - 3 potions of haste
 s - a potion of resistance {unknown}
 t - 2 potions of brilliance
 w - a potion of attraction {unknown}
 z - 2 potions of flight
 B - a potion of invisibility {unknown}


   Skills:
 + Level 8.9 Fighting
 + Level 5.4 Armour
 - Level 2.6 Dodging
 - Level 2.1 Stealth
 + Level 9.0 Unarmed Combat


You had 8 spell levels left.
You didn't know any spells.
Your spell library contained the following spells:

 Spells                   Type           Power      Damage    Failure   Level
 Ignite Poison            Fire/Tmut/Pois 0%         N/A       100%        3
 Kindle Blastsparks       Fire/Tloc/Air  0%         2d10      100%        3
 Petrify                  Tmut/Erth      0%         N/A       100%        4
 Freezing Cloud           Conj/Ice/Air   0%         6-21      100%        5
 Irradiate                Conj/Tmut      0%         3d11      100%        5
 Polar Vortex             Ice            0%         N/A       100%        9
 Sublimation of Blood     Necr           Unusable   N/A       N/A         2
 Simulacrum               Ice/Necr       Unusable   N/A       N/A         6

Dungeon Overview and Level Annotations

Branches:
Dungeon (7/15)
 Temple: D:4-7

Altars:
Okawaru

Shops:
D:5 =

Annotations:
D:3 2 runed translucent doors, demibob's ghost, amateur DsGl
D:6 3 runed translucent doors, kairosrom117's ghost, novice DrFE


Innate Abilities, Weirdness & Mutations

You are immune to poison.
You have sharp fingernails.
Your flesh is cold resistant. (rC+)
You are immune to negative energy. (rN+++)
You do not regenerate when monsters are visible.
You are immune to unholy pain and torment.
You thrive by killing the living.


Message History

The centaur kicks you but does no damage.
The wight barely misses you.
The wight hits you with a +3 great sword.
Unknown command.
You hit the wight but do no damage. You punch the wight, but do no damage.
The wight is almost destroyed.
The centaur hits you.
* * * LOW HITPOINT WARNING * * *
The centaur barely misses you. The centaur closely misses you. x2
The wight hits you with a +2 flail!
* * * LOW HITPOINT WARNING * * *
The wight barely misses you.
Unknown command.
You barely miss the wight.
The wight is almost destroyed.
The centaur hits you but does no damage.
The centaur kicks you but does no damage.
Unknown command.
Unknown command.
You barely miss the wight.
The wight is almost destroyed.
The wight hits you with a +3 great sword!
* * * LOW HITPOINT WARNING * * *
The wight hits you but does no damage.
The centaur hits you but does no damage.
The centaur kicks you but does no damage.
Unknown command.
Okay, then.
Unknown command.
You feel better. The centaur hits you.
* * * LOW HITPOINT WARNING * * *
The centaur kicks you but does no damage.
The wight hits you with a +3 great sword.
* * * LOW HITPOINT WARNING * * *
The wight hits you but does no damage.
You feel yourself speed up. The centaur hits you.
* * * LOW HITPOINT WARNING * * *
The centaur kicks you but does no damage.
The wight hits you with a +3 great sword!
You die...

#. #)..# #.
####...# #.
#......## ###.
....... ....
.....# ##.
.Y..# #. #zc.#
# #@z.# ..
#...# ...
#...####...
####.........
#..........#
#..........#
#+#
#..........##.
...
#.............
...
#.....######..
...


You could see an ice beast, a centaur and 2 wights.

Vanquished Creatures
  Prince Ribbit (D:5)
  Sigmund (D:2)
  A water moccasin (D:4)
  3 black bears (D:5)
  2 ice beasts (D:5)
  2 phantoms
  A centaur (D:5)
  A kobold brigand (D:5)
  2 necrophages
  A scorpion (D:4)
  2 wights (D:7)
  2 howler monkeys
  A gnoll bouda (D:5)
  A hound (D:4)
  2 jellies
  3 orc priests
  Crazy Yiuf (D:4)
  3 orc wizards
  Natasha (thrice) (D:4)
  3 iguanas
  12 adders
  6 gnolls
  A shadow imp (D:5)
  3 white imps
  3 dart slugs
  27 orcs
  7 endoplasms
  6 giant cockroaches
  9 goblins
  8 hobgoblins
  7 jackals (D:3)
  11 kobolds
  5 quokkas
  10 ball pythons
  4 bats
  2 frilled lizards
  9 rats
166 creatures vanquished.

Vanquished Creatures (others)
  4 fungi (D:4)
4 creatures vanquished.

Grand Total: 170 creatures vanquished

Notes
Turn   | Place    | Note
-------+----------+-------------------------------------------
     0 | D:1      | cforsyth the Ghoul Monk began the quest for the Orb.
     0 | D:1      | Reached XP level 1. HP: 19/19 MP: 0/0
    59 | D:1      | Reached XP level 2. HP: 16/26 MP: 1/1
   213 | D:1      | Found a faded altar of an unknown god.
   274 | D:1      | Reached XP level 3. HP: 33/33 MP: 2/2
   315 | D:1      | Reached skill level 4 in Unarmed Combat
   631 | D:2      | Noticed Sigmund
   704 | D:2      | Killed Sigmund
   705 | D:2      | Reached skill level 5 in Fighting
   705 | D:2      | Reached skill level 5 in Unarmed Combat
   705 | D:2      | Reached XP level 4. HP: 31/42 MP: 3/3
   705 | D:2      | Reached XP level 5. HP: 36/48 MP: 4/4
  1399 | D:3      | Identified the +1 robe of Experimentation {Stlth+}
  1422 | D:3      | Noticed a phantom
  1437 | D:3      | Reached XP level 6. HP: 54/56 MP: 5/5
  1602 | D:3      | Reached skill level 6 in Unarmed Combat
  1640 | D:3      | Found a large runed translucent door.
  1640 | D:3      | Found a large runed translucent door.
  2208 | D:3      | Reached skill level 1 in Armour
  2312 | D:3      | Reached XP level 7. HP: 63/63 MP: 6/6
  2407 | D:3      | Noticed demibob's ghost (amateur DsGl)
  2606 | D:4      | Noticed Natasha
  2614 | D:4      | Killed Natasha
  2614 | D:4      | Noticed Natasha
  2621 | D:4      | Killed Natasha
  2733 | D:4      | Found a runed translucent door.
  2734 | D:4      | Noticed Crazy Yiuf
  2744 | D:4      | Killed Crazy Yiuf
  2884 | D:4      | Noticed Natasha
  2889 | D:4      | Killed Natasha
  3127 | D:5      | Entered Level 5 of the Dungeon
  3138 | D:5      | Reached skill level 7 in Unarmed Combat
  3173 | D:5      | Reached XP level 8. HP: 73/73 MP: 7/7
  3221 | D:5      | Found Nafasch's Jewellery Boutique.
  3232 | D:5      | Noticed Prince Ribbit
  3264 | D:5      | Killed Prince Ribbit
  3380 | D:5      | Reached skill level 8 in Unarmed Combat
  3492 | D:5      | Reached XP level 9. HP: 81/81 MP: 8/8
  4100 | D:6      | Reached skill level 5 in Armour
  4168 | D:6      | Found an iron altar of Okawaru.
  4175 | D:6      | Became a worshipper of Warmaster Okawaru
  4175 | D:6      | Reached * piety under Okawaru
  4175 | D:6      | Reached ** piety under Okawaru
  4315 | D:6      | Noticed a manticore
  4407 | D:6      | Found a runed translucent gate.
  4411 | D:6      | Found a runed translucent gate.
  4411 | D:6      | Found a runed translucent gate.
  4413 | D:6      | Noticed kairosrom117's ghost (novice DrFE)
  4857 | D:7      | Reached skill level 9 in Unarmed Combat
  4872 | D:7      | Mangled by a wight

Illustrated notes

Levels and vault maps discovered:
D:1:      eino_arrival_water_star, layout_rooms, ebering_ecumenical_altar_box
D:2:      layout_rooms, uniq_sigmund
D:3:      minmay_bubble_buster, layout_loops_cross, ebering_ghost_disaster_area
D:4:      layout_basic, serial_aquarium, aquarium_bridge_square
          [aquarium_subvault_bridge, aquarium_subvault_window,
          aquarium_subvault_bridge, aquarium_subvault_window],
          aquarium_window_fake, aquarium_window_fake, aquarium_window_1,
          aquarium_window_fake, aquarium_view_2e, aquarium_view_2d,
          aquarium_pool_five, uniq_crazy_yiuf_cottage, uniq_natasha
D:5:      layout_basic, serial_shops, shop_statue, uniq_prince_ribbit1
D:6:      layout_rooms, okawaru_metal_pillars_1_2, ebering_ghost_rock_garden,
          lightli_corner_chamber
D:7:      layout_basic, minmay_temple_entry_enclosed_plants,
          lemuel_flamethrower_1

Skill      XL: |  1  2  3  4  5  6  7  8  9 |
---------------+----------------------------+-----
Unarmed Combat | 5 6 7 8 9 |  9.0
Fighting       | 5 6 7 8 |  8.9
Armour         | 1 3 4 5 |  5.4
Dodging        | |  2.6
Stealth        | |  2.1

Action                   |  1- 3 |  4- 6 |  7- 9 || total
-------------------------+-------+-------+-------++-------
Melee: Unarmed           |   101 |   211 |   280 ||   592
       Punch             |     1 |     4 |    11 ||    16
  Use: Scroll            |       |       |    10 ||    10
       Potion            |       |       |     2 ||     2
 Stab: Sleeping          |     2 |       |       ||     2
Armor: Robe              |    23 |     6 |       ||    29
       Scale mail        |       |    88 |       ||    88
       Chain mail        |       |    34 |   198 ||   232
Dodge: Dodged            |    55 |   104 |   100 ||   259

Table legend: (Time is in decaauts)
 A = Elapsed time spent in this place.
 B = Non-inter-level travel time spent in this place.
 C = Inter-level travel time spent in this place.
 D = Time resting spent in this place.
 E = Time spent auto-exploring this place.
 F = Levels seen in this place.
 G = Mean time per level.
                   A        B        C        D        E       F      G
               +--------+--------+--------+--------+--------+-----+--------+
         Total |   4806 |   4618 |    188 |     23 |   3369 |   7 |  686.6 |
       Dungeon |   4806 |   4618 |    188 |     23 |   3369 |   7 |  686.6 |
               +--------+--------+--------+--------+--------+-----+--------+

Top non-repeatable levels by time:
     D:3: 1128 daAuts
     D:5: 888 daAuts
     D:2: 698 daAuts
     D:4: 678 daAuts
     D:6: 639 daAuts
     D:1: 591 daAuts
     D:7: 182 daAuts
